 Dungeon Crawl Stone Soup version 0.30-a0-223-gcb0039aa0c (webtiles) character file.

Game seed: 12957391972328142141

58 qw the Chopper (level 4, -4/28 HPs)
             Began as a Gargoyle Fighter on Oct 9, 2022.
             Blown up by Ijyb (10 damage)
             ... with a mindburst bolt
             ... on level 3 of the Dungeon.
             The game lasted 00:00:39 (1632 turns).

qw the Chopper (Gargoyle Fighter)                   Turns: 1632, Time: 00:00:39

Health: -4/28      AC: 10    Str: 21    XL:     4   Next: 1%
Magic:  4/4        EV:  9    Int:  9    God:
Gold:   113        SH:  4    Dex:  9    Spells: 3/3 levels left

rFire   . . .      SeeInvis .    Y - +0 war axe
rCold   . . .      Faith    .    c - +0 buckler
rNeg    + . .      Spirit   .    b - +0 scale mail
rPois   inf        Reflect  .    (no helmet)
rElec   +          Harm     .    (no cloak)
rCorr   .          Rampage  .    (no gloves)
Will    .....                    (no boots)
Stlth   ..........               (no amulet)
HPRegen 0.24/turn                (no ring)
MPRegen 0.09/turn                (no ring)

@: no status effects
A: sickness immunity, AC +3, negative energy resistance 1, electricity
resistance, torment resistance 1, petrification resistance
a: no special abilities


You were on level 3 of the Dungeon.
You visited 1 branch of the dungeon, and saw 3 of its levels.

You collected 113 gold pieces.


Innate Abilities, Weirdness & Mutations

You are immune to sickness and miasma.
Your stone body is resilient. (AC +3)
You are immune to poison.
You resist negative energy. (rN+)
You are resistant to electric shocks. (rElec)
You are resistant to unholy torment.
You are immune to petrification.


   Skills:
 - Level 3.2 Fighting
 + Level 3.8 Axes
 - Level 3.2 Armour
 - Level 3.2 Shields


You had 3 spell levels left.
You didn't know any spells.
Your spell library was empty.

Inventory:

Hand Weapons
 e - a +0 whip
 Y - a +0 war axe (weapon)
Armour
 a - a +0 cloak
 b - a +0 scale mail (worn)
 c - a +0 buckler (worn)
Jewellery
 i - a ring of flight
 j - an amulet of faith
Scrolls
 g - a scroll of identify
Potions
 d - 3 potions of might
 f - a potion of attraction {unknown}
 h - a potion of invisibility {unknown}

Dungeon Overview and Level Annotations

Branches:
Dungeon (3/15)

Altars:

Annotations:
D:3 1 runed translucent door, Ijyb; qw's ghost, amateur GrFi


Message History

You block the quokka's attack.
A dart slug comes into view.
The quokka closely misses you.
You closely miss the quokka. The quokka barely misses you.
You slash the quokka!
You kill the quokka!
You block the ball python's attack. The ball python grabs you.
The ball python constricts you.
You barely miss the ball python. The ball python completely misses you.
The ball python constricts you.
You hit the ball python.
You kill the ball python!
Found 16 gold pieces.
The dart slug launches a dart at you.
The slug dart hits you but does no damage.
You see here a ball python corpse.
You slash the dart slug!
You kill the dart slug!
You have reached level 4!
You feel clever.
You see here a ball python corpse.
Ijyb the Twisted Goblin comes into view.
She is wielding a +3 club and carrying a wand of mindburst (17).
Ijyb shouts!
Ijyb zaps a wand.
Your mind is blasted!
You hit Ijyb but do no damage. Ijyb hits you with a +3 club.
You barely miss Ijyb. Ijyb hits you but does no damage.
Ijyb hits you with a +3 club!
You barely miss Ijyb.
Ijyb zaps a wand.
You barely resist. You barely miss Ijyb.
Ijyb zaps a wand.
Your mind is blasted!
You hit Ijyb but do no damage. Ijyb barely misses you.
Ijyb completely misses you.
You barely miss Ijyb. Ijyb hits you but does no damage.
You slash Ijyb!
Ijyb is moderately wounded.
Ijyb zaps a wand.
Your mind is blasted!
You die...

...# ##....... ...#
#........ # ##.#
#..##...# )# ##.#
#..##...##.# ...##
#..##...#.# ## ....#
#..##....# #.#
##...###..##.#.# #..##
}##...##..##.#%##g...###
..##....<.##....@....$..
!..##..##.##.##.#....###
7..W#..##.........#.##
?..##...####.##.###.#
..##....# ##.##.###.#
}##.....###...#.....#
##...#..............#
....#######........##
...########.........#


You could see Ijyb.

Vanquished Creatures
  An adder (D:2)
  2 dart slugs
  5 ball pythons
  3 bats
  3 endoplasms
  3 giant cockroaches
  5 hobgoblins
  4 kobolds
  2 quokkas
  6 frilled lizards
  4 goblins
  4 rats
42 creatures vanquished.

Notes
Turn   | Place    | Note
-------+----------+-------------------------------------------
     0 | D:1      | qw the Gargoyle Fighter began the quest for the Orb.
     0 | D:1      | Reached XP level 1. HP: 14/14 MP: 1/1
     0 | D:1      | 0 ||| qw: Version: 0.2-a-17-g06abaee
     0 | D:1      | 0 ||| qw: Game counter: 2084
     0 | D:1      | 0 ||| qw: Always use a shield: true
     0 | D:1      | 0 ||| qw: God list: Okawaru
     0 | D:1      | 0 ||| qw: Allow faded altars: false
     0 | D:1      | 0 ||| qw: Do Orc after D:15 true
     0 | D:1      | 0 ||| qw: Do second Lair branch before Depths: true
     0 | D:1      | 0 ||| qw: Lair rune preference: random
     0 | D:1      | 0 ||| qw: Plans: Normal, Zot:1-4, God:TSO, Crypt, Tomb,
                  | Pan, Slime:5, Hells, Abyss, Orb
     0 | D:1      | 0 ||| PLANNING D:1-11
   153 | D:1      | Reached XP level 2. HP: 16/19 MP: 2/2
   412 | D:1      | 412 ||| Stepping ~*~*~tactically~*~*~ (stealth).
   438 | D:1      | Found a faded altar of an unknown god.
   798 | D:1      | 798 ||| READING scroll labelled HUUNUA ACRADD.
   878 | D:2      | Reached skill level 3 in Axes
   896 | D:2      | Reached XP level 3. HP: 17/23 MP: 3/3
   929 | D:2      | 929 ||| Stepping ~*~*~tactically~*~*~ (stealth).
   932 | D:2      | 932 ||| Stepping ~*~*~tactically~*~*~ (stealth).
  1031 | D:2      | 1031 ||| Stepping ~*~*~tactically~*~*~ (hiding).
  1032 | D:2      | 1032 ||| Stepping ~*~*~tactically~*~*~ (hiding).
  1125 | D:2      | 1125 ||| Stepping ~*~*~tactically~*~*~ (stealth).
  1256 | D:2      | 1256 ||| READING scroll labelled WOPNIC IQIO.
  1257 | D:2      | 1257 ||| READING 2 scrolls labelled NYICIRI ZYUWEA.
  1305 | D:3      | Found a runed translucent door.
  1305 | D:3      | Noticed qw's ghost (amateur GrFi)
  1623 | D:3      | Reached XP level 4. HP: 28/28 MP: 4/4
  1624 | D:3      | Noticed Ijyb
  1629 | D:3      | HP: 6/28 [disintegration (8)]
  1632 | D:3      | Blown up by Ijyb

Levels and vault maps discovered:
D:1:      eino_arrival_druids_welcome, layout_basic,
          ebering_ecumenical_altar_ruins, st_stairs_11
D:2:      layout_rooms
D:3:      layout_loops_ring, hellmonk_ghost_happy_afterlife, uniq_ijyb

Skill      XL: |  1  2 |
---------------+-------+-----
Axes           | 2 3 |  3.8
Fighting       | |  3.2
Armour         | |  3.2
Shields        | |  3.2

Action                   |  1- 3 |  4- 6 || total
-------------------------+-------+-------++-------
Melee: War axe           |   122 |     7 ||   129
  Use: Scroll            |     3 |       ||     3
Armor: Scale mail        |    56 |     2 ||    58
Dodge: Dodged            |    44 |     2 ||    46
Block: Buckler           |    22 |       ||    22

Table legend:
 A = Non-vault XP
 B = Vault XP
 C = Vault XP percentage of total XP
 D = Non-vault monster count
 E = Vault monster count
 F = Vault count percentage of total count
                 A         B        C        D         E       F
            +---------+---------+-------+---------+---------+-------
      Total |      79 |       4 |   4.8 |      39 |       3 |   7.1
            +---------+---------+-------+---------+---------+-------
        D:1 |      21 |       4 |  16.0 |      13 |       3 |  18.8
        D:2 |      41 |       0 |   0.0 |      16 |       0 |   0.0
        D:3 |      17 |       0 |   0.0 |      10 |       0 |   0.0
            +---------+---------+-------+---------+---------+-------
